 Dungeon Crawl Stone Soup version 0.18.1-50-g88ac8fd (webtiles) character file.

242 Gargoyl the Distorting Demonspawn (level 5, -4/42 HPs)
             Began as a Demonspawn Abyssal Knight on Sept 21, 2016.
             Was a Believer of Lugonu.
             Killed by nerve-wracking pain
             ... invoked by an orc priest
              (9 damage)
             ... on level 3 of the Dungeon.
             The game lasted 00:05:18 (2642 turns).

Gargoyl the Distorting Demonspawn (DsAK)            Turns: 2642, Time: 00:05:19

Health: -4/42      AC:  8    Str: 14    XL:     5   Next: 82%
Magic:  8/8        EV: 10    Int: 13    God:    Lugonu [**....]
Gold:   99         SH:  0    Dex: 12    Spells: 0 memorised, 4 levels left

rFire  . . .     SeeInvis .     a - +1 hand axe
rCold  . . .     Gourm    .     d - +0 scale mail (curse)
rNeg   . . .     Faith    .     (no shield)
rPois  .         Spirit   .     (helmet restricted)
rElec  .         Dismiss  .     (no cloak)
rCorr  .         Reflect  .     (no gloves)
SustAt .         Harm     .     h - +0 pair of boots
MR     .....                    (no amulet)
Stlth  ..........               (no ring)
                                (no ring)

@: drained, not resistant to hostile enchantments, extremely unstealthy
A: horns 1, sturdy frame 1
a: Depart the Abyss, Bend Space, Renounce Religion


You were on level 3 of the Dungeon.
You worshipped Lugonu.
Lugonu was pleased with you.
You were not hungry.

You visited 1 branch of the dungeon, and saw 3 of its levels.
You visited the Abyss 1 time.

You collected 99 gold pieces.

Inventory:

Hand Weapons
 a - a +1 hand axe (weapon)
Armour
 d - a cursed +0 scale mail (worn)
 h - a +0 pair of boots (worn)
Jewellery
 i - an uncursed amulet of magic regeneration {unknown}
Wands
 p - a wand of polymorph (6/24)
Scrolls
 e - 4 scrolls of identify {unknown}
 f - a scroll of teleportation {unknown}
 g - 2 scrolls of immolation {unknown}
 j - a scroll of noise {unknown}
 r - a scroll of enchant armour {unknown}
Comestibles
 b - a royal jelly
 c - a bread ration
 k - 3 chunks of flesh
 m - a slice of pizza
 o - a meat ration


   Skills:
 + Level 4.0 Fighting
 + Level 2.1(2.0) Axes
 * Level 3.6(3.5) Armour
 + Level 2.0(1.9) Dodging
 * Level 4.3 Invocations


You had 4 spell levels left.
You didn't know any spells.

Dungeon Overview and Level Annotations

Branches:
Dungeon (3/15)

Altars:
Dithmenos
Ru
Yredelemnul


Innate Abilities, Weirdness & Mutations

You have a pair of small horns on your head.
Your movements are slightly less encumbered by armour (ER -2).


Message History

The orc priest closely misses you.
Drink which item? (? for menu, Esc to quit)
It was a potion of cancellation.
Your magical effects are unravelling.
You feel magically purged.
You feel a little less mighty now.
The orc priest mumbles some strange prayers to Beogh against you.
Pain shoots through your body!
* * * LOW HITPOINT WARNING * * *
The orc barely misses you.
The orc priest looks braver for a moment.
You closely miss the orc priest.
The orc priest is severely wounded.
You hit the orc priest but do no damage.
The orc priest is moderately wounded.
The orc priest hits you but does no damage.
The orc barely misses you.
The orc priest invokes the aid of Beogh against you.
Pain shoots through your body!
You die...

####### #.. ...#.###.# . #
#....##.###. #
#############.(......... #
...........#........#.#.
..#...#...#.............
...................†....
..#...#o).###.....##...#
.....oo@.........####.##
#######################.## #.#
#.##.##.# #.####### #.# #..(....#
#.##.##### ##'## ####.####
#...#....###...# # #.## #..#
#.#.##..... ## #..## #.##
##.(#......
.####...##########..###.#........
.'...................#[..........


You could see 2 orc priests and an orc.

Vanquished Creatures
  A howler monkey (D:3)
  An orc wizard (D:2)
  An orc priest (D:3)
  Jessica (D:2)
  4 adders (D:2)
  2 worms (D:2)
  A dart slug (D:1)
  2 giant geckos
  7 orcs (D:3)
  8 bats
  6 giant cockroaches
  9 goblins
  7 hobgoblins
  3 kobolds
  2 quokkas (D:2)
  3 ball pythons
  A giant newt (D:2)
  6 rats
  A spectral orc (D:2)
66 creatures vanquished.

Notes
Turn   | Place    | Note
--------------------------------------------------------------
     0 | Abyss:1  | Gargoyl the Demonspawn Abyssal Knight began the quest for the Orb.
     0 | Abyss:1  | Reached XP level 1. HP: 18/18 MP: 2/2
    12 | Abyss:2  | Found a corrupted altar of Lugonu.
    41 | Abyss:2  | Noticed a smoke demon
    48 | D:1      | Escaped the Abyss
   294 | D:1      | Reached * piety under Lugonu
   294 | D:1      | Gained mutation: You have a pair of small horns on your head. [demonic ancestry]
   294 | D:1      | Reached XP level 2. HP: 21/24 MP: 4/4
   387 | D:1      | Reached skill level 1 in Dodging
   677 | D:1      | Reached XP level 3. HP: 28/29 MP: 5/5
  1021 | D:2      | Found a shadowy altar of Dithmenos.
  1256 | D:2      | Found a sacrificial altar of Ru.
  1280 | D:2      | Reached XP level 4. HP: 16/37 MP: 6/6
  1281 | D:2      | Reached ** piety under Lugonu
  1873 | D:2      | Noticed Jessica
  1897 | D:2      | Killed Jessica
  1897 | D:2      | Gained mutation: Your movements are slightly less encumbered by armour (ER -2). [demonic ancestry]
  1897 | D:2      | Reached XP level 5. HP: 40/42 MP: 6/8
  2137 | D:2      | Found a basalt altar of Yredelemnul.
  2642 | D:3      | Killed from afar by an orc priest

Skill      XL: |  1  2  3  4  5 |
---------------+----------------+-----
Armour         | 2 3 |  3.6
Invocations    | 3 4 |  4.3
Dodging        | 1 2 |  2.0
Axes           | 2 |  2.1
Fighting       | 4 |  4.0

Action                   |  1- 3 |  4- 6 || total
-------------------------+-------+-------++-------
Melee: Hand axe          |   112 |   120 ||   232
       Headbutt          |    12 |    18 ||    30
       Unarmed           |       |     9 ||     9
Invok: Depart the Abyss  |     1 |       ||     1
  Use: Potion            |       |     3 ||     3
 Stab: Paralysed         |       |     2 ||     2
  Eat: Chunk             |     1 |     5 ||     6
Armor: Scale mail        |    75 |    50 ||   125
       Skin              |       |     1 ||     1
Dodge: Dodged            |    65 |    72 ||   137
